 Dungeon Crawl Stone Soup version 0.27.1-1-g398f81649c (webtiles) character file.

Game seed: 6679009636182269773

160 pokedragonboy the Ruffian (level 5, -3/69 HPs)
             Began as a Naga Transmuter on Sept 14, 2021.
             Slain by a gnoll (5 damage)
             ... on level 3 of the Dungeon.
             The game lasted 00:07:34 (3700 turns).

pokedragonboy the Ruffian (Naga Transmuter)         Turns: 3700, Time: 00:07:34

Health: -3/69      AC: 22    Str: 13    XL:     5   Next: 41%
Magic:  9/9        EV:  1    Int: 13    God:
Gold:   79         SH:  0    Dex: 12    Spells: 3/9 levels left

rFire    . . .     SeeInvis +   e - +0 quarterstaff (drain)
rCold    . . .     Faith    .   (shield currently unavailable)
rNeg     + + +     Spirit   .   (armour currently unavailable)
rPois    +         Reflect  .   (helmet currently unavailable)
rElec    .         Harm     .   (cloak currently unavailable)
rCorr    .         Rampage  .   (gloves currently unavailable)
Will     .....     NoTele   +   (no barding)
Stlth    +.........             (no amulet)
HPRegen  0.21/turn              (no ring)
MPRegen  0.11/turn              (no ring)

@: tree-form
A: stationary, stasis, torment immunity, boosted hp, AC +1, large, see
invisible, (deformed body), (poison resistance), (slowness 2), spit poison 1,
(naga tail 1)
a: Spit Poison


You were on level 3 of the Dungeon.
You were a tree.
You visited 1 branch of the dungeon, and saw 3 of its levels.

You collected 79 gold pieces.

Inventory:

Hand Weapons
 e - a +0 quarterstaff of draining (weapon)
Missiles
 p - a throwing net
Armour
 a - a +0 robe (melded)
 h - a +0 chain mail
 l - a +0 helmet (melded)
 n - a +1 leather armour of cold resistance
Scrolls
 c - a scroll of silence
 d - a scroll of identify {unknown}
 f - a scroll of noise {unknown}
 i - 2 scrolls of enchant armour {unknown}
 j - a scroll of summoning {unknown}
 k - a scroll of immolation {unknown}
Potions
 b - 2 potions of flight
 m - a potion of mutation {unknown}
 o - a potion of cancellation {unknown}


   Skills:
 + Level 2.3 Fighting
 - Level 1.5 Dodging
 + Level 3.7 Unarmed Combat
 + Level 2.8 Spellcasting
 * Level 3.7 Transmutations


You had 3 spell levels left.
You knew the following spells:

 Your Spells              Type           Power      Damage    Failure   Level
a - Beastly Appendage     Tmut           22%        N/A       4%          1
b - Wereblood             Tmut           11%        N/A       8%          2
c - Spider Form           Tmut/Pois      3%         N/A       32%         3

Your spell library contained the following spells:

 Spells                   Type           Power      Damage    Failure   Level
 Ice Form                 Ice/Tmut       6%         N/A       73%         4


Dungeon Overview and Level Annotations

Branches:
Dungeon (3/15)

Altars:


Innate Abilities, Weirdness & Mutations

You are a tree.
Your roots penetrate the ground, keeping you stationary.
You cannot be teleported.
You are immune to unholy pain and torment.
Your maximum health is greatly increased.
Your equipment is partially melded.
((Your serpentine skin is tough. (AC +1)))
You have supernaturally acute eyesight. (SInv)
((Armour fits poorly on your strangely shaped body.))
((Your system is resistant to poisons. (rPois)))
((You cover ground very slowly.))
You can spit poison.
((You have a snake-like lower body.))


Message History

There's nothing to open nearby.
There's nothing to open nearby.
There are monsters nearby!
You have got your breath back.
Press: ? - help, Shift-Dir - straight line, f - gnoll
Aim: a gnoll, wielding a +0 club The splash of poison hits the gnoll.
The gnoll is moderately wounded.
The gnoll hits you but does no damage.
You hit the gnoll. You drain the gnoll.
The gnoll is almost dead.
The gnoll barely misses you.
The gnoll hits you from afar with a +0 halberd!
A goblin opens the door.
You barely miss the gnoll.
The gnoll is almost dead.
The gnoll closely misses you.
The kobold hits you with a +0 short sword.
The gnoll hits you from afar with a +0 halberd!
The gnoll hits you with a +0 club.
The goblin shouts!
It was a potion of flight.
You feel very buoyant.
You fly up into the air.
The kobold hits you with a +0 short sword.
* * * LOW HITPOINT WARNING * * *
The gnoll hits you from afar with a +0 halberd!
* * * LOW HITPOINT WARNING * * *
The goblin hits you with a +2 dagger of pain.
* * * LOW HITPOINT WARNING * * *
The gnoll barely misses you.
It was a potion of lignification.
Your horns disappear.
Your +0 helmet unmelds from your body.
You turn into a tree.
Your +0 helmet melds into your body.
Your +0 robe melds into your body.
Your roots penetrate the ground.
You have got your breath back.
The kobold hits you but does no damage.
The gnoll hits you from afar with a +0 halberd.
You die...

##########....####.............##
.....).......#........###.......
...........#.......... #.######
.................##.#. #.#
#....................# .#
#.###................# #.#
#............##.##.. #.#
#.........)K.g...... #.#
#.....#....g♣# ..# #.....####g###
########### #..#
..........#.....g..gK.
....#####.#.###..##.##
....'..##.# #.# ....##.##.# ..
.....#.##.# ... .....#.##.# ....


You could see 2 gnolls, a goblin and a kobold.

Vanquished Creatures
  A hound (D:3)
  Terence (D:2)
  4 adders
  2 worms
  A dart slug (D:1)
  6 orcs (D:3)
  A bat (D:1)
  7 endoplasms
  2 giant cockroaches (D:1)
  4 goblins
  4 hobgoblins
  4 jackals (D:1)
  3 quokkas
  3 ball pythons
  3 frilled lizards (D:2)
  4 kobolds
  5 rats
55 creatures vanquished.

Notes
Turn   | Place    | Note
-------+----------+-------------------------------------------
     0 | D:1      | pokedragonboy the Naga Transmuter began the quest for the
                  | Orb.
     0 | D:1      | Reached XP level 1. HP: 18/18 MP: 3/3
    66 | D:1      | Reached XP level 2. HP: 2/25 MP: 3/5
   778 | D:1      | Found a faded altar of an unknown god.
   923 | D:1      | Reached XP level 3. HP: 21/31 MP: 4/6
  1338 | D:2      | Learned a level 2 spell: Wereblood
  1743 | D:2      | Noticed Terence
  1754 | D:2      | Killed Terence
  1755 | D:2      | Reached XP level 4. HP: 33/39 MP: 7/7
  2404 | D:2      | Learned a level 3 spell: Spider Form
  2895 | D:3      | Reached XP level 5. HP: 28/45 MP: 5/9
  3699 | D:3      | HP: 1/46 [goblin (4)]
  3700 | D:3      | Slain by a gnoll

Illustrated notes

Levels and vault maps discovered:
D:1:      nzn_arrival_depleted_hourglass, layout_basic,
          shapermc_ecumenical_altar_flowoftime,
          amcnicky_mini_rare_corridor_liquid, glass_columns_a
D:2:      layout_basic, uniq_terence
D:3:      layout_basic

Skill      XL: |  1  2  3  4 |
---------------+-------------+-----
Transmutations | 3 |  3.7
Fighting       | 2 |  2.3
Dodging        | |  1.5
Unarmed Combat | |  3.7
Spellcasting   | |  2.8

Action                   |  1- 3 |  4- 6 || total
-------------------------+-------+-------++-------
Melee: Unarmed           |    22 |       ||    22
       Headbutt          |     4 |     7 ||    11
       Dagger            |     8 |       ||     8
       Quarterstaff      |    17 |    51 ||    68
 Cast: Beastly Appendage |    22 |    26 ||    48
       Wereblood         |       |     2 ||     2
 Abil: Spit Poison       |    24 |    28 ||    52
  Use: Scroll            |     1 |       ||     1
       Potion            |       |     2 ||     2
Armor: Robe              |    12 |     9 ||    21
       Skin              |       |     1 ||     1
Dodge: Dodged            |    25 |    36 ||    61
